AoeStats
← shutianchen

Black Forest

510550925Analyzed
4v4 RM · 14h ago on Oct 1, 2026· 84m 54s· 8 players
Game mode
Random Map
Map size
Large (8 player)
Population
200
Speed
Normal
Resources
Standard
Victory
Conquest
Starting age
Dark Age
Ending age
Imperial Age
RankedLock teamsTeams togetherTeam positionsShared explorationLock speedFull tech treeHidden civsTurbo modeCheats
Victory
Defeat
🇫🇷 Franks · France
952
+13
🇹🇼 Bohemians · Taiwan
942
+13
🇩🇪 Spanish · Germany
929
+14
🇺🇸 Mongols · United States
913
+14
🇹🇼 Franks · Taiwan
992
-19
🇨🇳 Italians · China
900
-14
🇨🇳 Bohemians · China
806
-11
🇺🇸 Khmer · United States
802
-10
runningelmi
0:27 Loom
13:45 Feudal Age
18:15 Castle Age
17:31 Double-Bit Axe
17:30 Horse Collar
20:59 Bow Saw
24:03 Caravan
29:53 Fervor
29:50 Devotion
30:20 Sanctity
30:04 Scale Mail Armor
30:36 Forging
30:59 Pikeman
31:39 Squires
31:25 Arson
32:50 Wheelbarrow
32:02 Town Watch
32:49 Heavy Plow
32:38 Arson
33:38 Iron Casting
33:12 Gold Mining
37:01 Imperial Age
35:00 Fortified Wall
34:46 Murder Holes
37:04 Halberdier
38:54 Chain Mail Armor
39:40 Blast Furnace
41:01 Hand Cart
42:29 Onager
44:10 Plate Mail Armor
44:32 Conscription
44:48 Hoardings
46:08 Two-Man Saw
45:47 Bloodlines
45:37 Husbandry
45:42 Padded Archer Armor
45:48 Scale Barding Armor
45:33 Fletching
45:45 Elite Conquistador
50:17 Leather Archer Armor
49:58 Bodkin Arrow
50:23 Chain Barding Armor
50:01 Elite Skirmisher
50:47 Thumb Ring
51:00 Town Patrol
52:33 Chemistry
51:54 Ballistics
51:59 Guard Tower
55:03 Coinage
54:44 Guilds
58:17 Banking
57:59 Guilds
58:45 Inquisition
59:06 Supremacy
59:28 Ring Archer Armor
58:58 Bracer
59:34 Plate Barding Armor
63:31 Keep
63:47 Bombard Tower
63:12 Arrowslits
72:20 Light Cavalry
74:42 Hussar
81:22 Cavalier
kevinfz101006xr
6:47 Loom
12:36 Feudal Age
14:03 Double-Bit Axe
14:13 Horse Collar
15:50 Wheelbarrow
17:18 Castle Age
19:17 Wheelbarrow
24:53 Bow Saw
24:46 Heavy Plow
30:41 Imperial Age
28:55 Fletching
29:05 Padded Archer Armor
30:42 Stone Mining
30:49 Gold Mining
31:15 Bodkin Arrow
31:36 Leather Archer Armor
31:32 Forging
31:22 Scale Mail Armor
33:57 Stone Shaft Mining
34:03 Caravan
34:31 Bracer
35:06 Iron Casting
34:37 Scale Barding Armor
34:13 Onager
35:57 Hand Cart
36:20 Gold Shaft Mining
36:30 Bloodlines
36:20 Husbandry
35:41 Light Cavalry
36:41 Hussar
37:26 Nomads
37:48 Drill
37:50 Conscription
38:02 Elite Mangudai
41:52 Chemistry
41:13 Ballistics
40:59 Siege Engineers
41:25 Siege Onager
42:37 Chain Barding Armor
60:52 Capped Ram
68:43 Siege Ram
Napoleon
13:45 Feudal Age
22:35 Castle Age
20:48 Double-Bit Axe
21:04 Stone Mining
21:08 Gold Mining
24:50 Gold Shaft Mining
24:47 Bow Saw
25:17 Wheelbarrow
27:26 Hand Cart
34:25 Imperial Age
33:05 Fortified Wall
32:52 Murder Holes
35:06 Elite Throwing Axeman
35:49 Pikeman
36:30 Squires
36:53 Halberdier
38:28 Coinage
37:58 Caravan
40:19 Hoardings
39:05 Ordonnance Companies
39:54 Chivalry
40:15 Conscription
40:45 Scale Barding Armor
40:41 Padded Archer Armor
40:32 Fletching
40:52 Forging
41:32 Banking
42:40 Chemistry
41:31 Guard Tower
42:03 Ballistics
41:23 Treadmill Crane
41:54 Masonry
42:45 Husbandry
42:06 Light Cavalry
45:42 Chain Barding Armor
45:56 Cavalier
51:18 Paladin
52:51 Plate Barding Armor
53:26 Scale Mail Armor
59:02 Arrowslits
58:57 Treadmill Crane
59:28 Masonry
61:59 Chain Mail Armor
62:00 Leather Archer Armor
66:02 Plate Mail Armor
67:48 Architecture
67:23 Siege Engineers
70:05 Iron Casting
69:25 Bodkin Arrow
73:47 Blast Furnace
Dark_Knight
4:55 Loom
7:31 Loom
10:45 Feudal Age
16:09 Castle Age
14:44 Double-Bit Axe
15:17 Fishing Lines
17:07 Bow Saw
21:21 Horse Collar
23:05 Gillnets
29:28 Imperial Age
26:45 Loom
26:46 Town Watch
28:53 Scale Mail Armor
28:53 Padded Archer Armor
28:44 Fletching
29:13 Caravan
29:52 Wheelbarrow
30:19 Chemistry
30:33 Masonry
30:46 Ballistics
31:35 Chain Mail Armor
31:35 Leather Archer Armor
31:33 Bodkin Arrow
31:49 Forging
32:28 Guilds
33:18 Plate Mail Armor
33:01 Houfnice
33:45 Squires
33:43 Arson
33:25 Pikeman
34:38 Heavy Plow
35:16 Iron Casting
35:02 Man-at-Arms
36:05 Conscription
35:52 Wagenburg Tactics
36:06 Siege Engineers
36:39 Town Patrol
36:03 Long Swordsman
36:54 Husbandry
37:03 Halberdier
38:52 Blast Furnace
38:31 Bracer
39:14 Two-Handed Swordsman
39:14 Two-Handed Swordsman
39:28 Light Cavalry
40:03 Champion
45:17 Scale Barding Armor
46:45 Coinage
47:37 Guard Tower
54:58 Masonry
57:34 Banking
58:39 Architecture
61:55 Cavalier
67:07 Keep
66:53 Bombard Tower
67:07 Hand Cart
shutianchen
10:55 Feudal Age
16:14 Castle Age
14:47 Double-Bit Axe
16:01 Stone Mining
16:02 Gold Mining
24:47 Wheelbarrow
24:50 Bow Saw
29:11 Imperial Age
27:51 Forging
27:47 Scale Barding Armor
28:33 Hand Cart
29:07 Iron Casting
30:34 Chain Barding Armor
29:41 Cavalier
30:22 Husbandry
32:34 Blast Furnace
32:10 Plate Barding Armor
32:06 Conscription
32:24 Paladin
45:27 Chemistry
66:59 Elite Skirmisher
69:21 Light Cavalry
种田养鱼
1:37 Loom
12:00 Feudal Age
13:43 Town Watch
16:50 Castle Age
14:43 Double-Bit Axe
14:41 Fishing Lines
16:15 Horse Collar
16:28 Gold Mining
16:28 Stone Mining
20:21 Gillnets
24:25 Bow Saw
30:14 Imperial Age
28:30 Forging
28:52 Fletching
29:02 Padded Archer Armor
30:07 Iron Casting
32:06 Chemistry
33:18 Bodkin Arrow
34:13 Leather Archer Armor
34:50 Pikeman
35:31 Squires
35:33 Bracer
35:34 Scale Mail Armor
36:21 Fortified Wall
36:48 Ballistics
37:08 Elite Genoese Crossbowman
39:32 Ring Archer Armor
40:04 Blast Furnace
41:22 Chain Mail Armor
46:56 Plate Mail Armor
46:12 Arson
46:47 Caravan
58:28 Elite Skirmisher
59:26 Crossbowman
60:12 Thumb Ring
63:47 Murder Holes
64:03 Masonry
eleven
11:40 Feudal Age
13:01 Wheelbarrow
12:17 Double-Bit Axe
17:51 Castle Age
16:22 Horse Collar
19:06 Hand Cart
18:48 Stone Mining
18:49 Gold Mining
19:27 Bow Saw
20:54 Gold Mining
23:26 Heavy Plow
28:23 Caravan
28:53 Coinage
29:06 Scale Mail Armor
29:16 Forging
29:12 Scale Barding Armor
29:31 Ballistics
29:21 Masonry
31:16 Iron Casting
30:57 Chain Mail Armor
35:49 Imperial Age
33:42 Chain Mail Armor
33:47 Chain Barding Armor
33:21 Fletching
33:31 Padded Archer Armor
33:30 Light Cavalry
34:20 Bloodlines
34:11 Husbandry
34:26 Town Watch
34:27 Loom
35:10 Town Patrol
36:56 Gold Shaft Mining
36:57 Stone Shaft Mining
37:07 Stone Shaft Mining
36:00 Heavy Scorpion
36:42 Double Crossbow
37:03 Conscription
37:46 Blast Furnace
37:22 Plate Barding Armor
38:00 Chemistry
37:49 Siege Engineers
38:15 Architecture
37:38 Hussar
37:46 Pikeman
38:11 Arson
39:49 Padded Archer Armor
39:40 Fletching
40:32 Crop Rotation
39:41 Halberdier
42:28 Banking
43:28 Onager
43:29 Capped Ram
seven^^
10:50 Feudal Age
16:37 Castle Age
15:59 Double-Bit Axe
28:51 Horse Collar
33:11 Imperial Age
31:05 Caravan
32:24 Heavy Plow
34:53 Chemistry
33:59 Siege Engineers
35:43 Pikeman
36:36 Forging
36:27 Scale Mail Armor
37:29 Bow Saw
37:07 Halberdier
37:49 Squires
37:36 Arson
38:40 Wheelbarrow
38:27 Elite Hussite Wagon
39:22 Wagenburg Tactics
38:44 Houfnice
40:12 Iron Casting
39:52 Chain Mail Armor
47:30 Blast Furnace
47:01 Plate Mail Armor
68:43 Hand Cart
82:59 Onager
Connection lost

Rejoining the realm…

Still unreachable

The connection could not be restored.

Session expired

The server has moved on; the page needs a fresh start.